AoeStats
← texasattorneygw

Arena

510257334Analyzed
1v1 RM · 20h ago on Sep 30, 2026· 47m 24s· 2 players
Game mode
Random Map
Map size
Tiny (2 player)
Population
200
Speed
Normal
Resources
Standard
Victory
Conquest
Starting age
Dark Age
Ending age
Imperial Age
RankedLock teamsTeams togetherTeam positionsShared explorationLock speedFull tech treeHidden civsTurbo modeCheats
Victory
Defeat
🇩🇪 Franks · Germany
949
+18
🇺🇸 Koreans · United States
996
-40
zWiesenz
9:33 Feudal Age
15:36 Castle Age
13:24 Loom
13:39 Double-Bit Axe
17:18 Gold Mining
17:18 Stone Mining
20:06 Stone Mining
20:53 Gold Shaft Mining
25:32 Husbandry
30:36 Imperial Age
31:58 Scale Mail Armor
32:28 Pikeman
33:09 Squires
35:23 Halberdier
35:49 Gambesons
38:53 Cavalier
40:02 Capped Ram
41:11 Scale Barding Armor
41:16 Forging
43:11 Wheelbarrow
46:36 Iron Casting
46:22 Chain Barding Armor
texasattorneygw
10:24 Feudal Age
11:45 Double-Bit Axe
11:43 Horse Collar
12:21 Loom
17:27 Castle Age
16:22 Fletching
18:10 Bodkin Arrow
18:45 Pikeman
19:29 Squires
20:44 Bow Saw
22:26 Gold Mining
24:44 Scale Mail Armor
27:31 Gold Shaft Mining
37:10 Imperial Age
37:35 Capped Ram
40:16 Conscription
41:18 Halberdier
42:18 Chain Mail Armor
44:27 Forging
Connection lost

Rejoining the realm…

Still unreachable

The connection could not be restored.

Session expired

The server has moved on; the page needs a fresh start.